 Dungeon Crawl Stone Soup version 0.29.1-2-gbd0b4ee654 (webtiles) character file.

Game seed: 17922201823326620303

221588 croobank the Spry (level 18, -8/89 HPs)
             Began as a Felid Summoner on Nov 4, 2022.
             Was an Initiate of Gozag.
             Killed from afar by an ironbound frostheart (31 damage)
             ... by creeping frost
             ... on level 2 of the Vaults on Nov 7, 2022.
             The game lasted 11:02:04 (79838 turns).

croobank the Spry (Felid Summoner)                 Turns: 79838, Time: 11:02:04

Health: -8/89      AC: 21    Str:  8    XL:     18   Next: 7%
Magic:  15/46      EV: 37    Int: 23    God:    Gozag
Gold:   6495       SH:  0    Dex: 16    Spells: 1/45 levels left
                                        Lives:  0   Deaths: 5

rFire   + . .      SeeInvis +     - Unarmed
rCold   . . .      Faith    .   (shield unavailable)
rNeg    + . .      Spirit   .   (body armour unavailable)
rPois   ∞          Reflect  .   (helmet unavailable)
rElec   +          Harm     .   (cloak unavailable)
rCorr   .          Rampage  .   (gloves unavailable)
Will    ++...                   (boots unavailable)
Stlth   +++.......              L - amulet of Powny {rPois rF+ Regen+}
HPRegen 1.04/turn               G - ring "Gisuvirgh" {rPois rN+ MP+9 Str+4 Dex-2}
MPRegen 0.30/turn               j - +4 ring of protection

@: storm-form, frozen, gold aura, flying, very slow
A: cleaving, insubstantial, flying, very small, (claws 1), (fangs 3), see
invisible, (speed 1), (shaggy fur 3), (stealthy paws), no weapons or thrown
items, no armour, multi-lived
}: 2/15 runes: serpentine, barnacled
a: Blinkbolt, End Transformation, Renounce Religion, Potion Petition, Call
Merchant, Bribe Branch


You were on level 2 of the Vaults.
You worshipped Gozag.
Gozag was greatly pleased with you.
You were a lightning-filled tempest!
You visited 8 branches of the dungeon, and saw 36 of its levels.

You collected 15622 gold pieces.
You spent 1628 gold pieces at shops.
You paid 7499 gold pieces to Gozag.

Inventory:

Jewellery
 c - the amulet "Gezxuj" {Regen+ Int+3}
   (You found it on level 1 of the Snake Pit)

   [amulet of regeneration]

   Int:       It affects your intelligence (+3).
   Regen:     It increases your rate of health regeneration.
 f - a +6 ring of dexterity
 j - a +4 ring of protection (right paw)
 o - the amulet "Piuplanuodia" {Spirit Drain rElec rPois}
   (You acquired it on level 10 of the Dungeon)

   [amulet of guardian spirit]

   It causes incoming damage to be divided between your reserves of health and
   magic.
   rElec:     It insulates you from electricity.
   rPois:     It protects you from poison.
   Drain:     It drains your maximum health when unequipped.
 t - a ring of positive energy
 B - a ring of poison resistance
 C - a +6 ring of strength
 E - a ring of positive energy
 G - the ring "Gisuvirgh" (left paw) {rPois rN+ MP+9 Str+4 Dex-2}
   (You found it on level 4 of the Snake Pit)

   [ring of magical power]

   Str:       It affects your strength (+4).
   Dex:       It affects your dexterity (-2).
   rPois:     It protects you from poison.
   rN:        It protects you from negative energy.
   MP:        It affects your magic capacity (+9).
 L - the amulet of Powny (around neck) {rPois rF+ Regen+}
   (You found it on level 1 of the Vaults)

   [amulet of regeneration]

   rF:        It protects you from fire.
   rPois:     It protects you from poison.
   Regen:     It increases your rate of health regeneration.
 O - a ring of resist corrosion
Wands
 k - a wand of flame (21)
 m - a wand of digging (27)
 q - a wand of roots (12)
 r - a wand of charming (35)
 v - a wand of mindburst (28)
 y - a wand of polymorph (11)
 F - a wand of acid (2)
Scrolls
 b - 2 scrolls of silence
 h - 9 scrolls of poison
 l - 22 scrolls of identify
 n - 3 scrolls of amnesia
 s - 3 scrolls of butterflies
 x - 5 scrolls of vulnerability
 D - 2 scrolls of immolation
 H - a scroll of fear
 I - a scroll of summoning
 J - 3 scrolls of teleportation
 M - a scroll of blinking
Potions
 a - 7 potions of attraction
 d - 20 potions of curing
 e - 9 potions of flight
 g - 2 potions of cancellation
 i - 5 potions of might
 p - 3 potions of lignification
 u - 5 potions of mutation
 w - 11 potions of ambrosia
 A - 2 potions of brilliance
 K - a potion of berserk rage
 N - a potion of invisibility


   Skills:
 - Level 15.0 Fighting
 - Level 19.0 Dodging
 - Level 4.0 Stealth
 + Level 9.2 Unarmed Combat
 - Level 14.0 Spellcasting
 - Level 7.0 Hexes
 - Level 13.0 Summonings
 + Level 10.8 Translocations
 - Level 16.0 Transmutations
 + Level 15.5 Air Magic
 - Level 7.6 Poison Magic


You had one spell level left.
You knew the following spells:

 Your Spells              Type           Power      Damage    Failure   Level
a - Manifold Assault      Tloc           60%        N/A       1%          5
c - Call Canine Familiar  Summ           66%        N/A       1%          3
d - Summon Guardian Gole  Hex/Summ       58%        N/A       1%          3
e - Summon Lightning Spi  Summ/Air       69%        N/A       1%          4
f - Summon Mana Viper     Hex/Summ       58%        N/A       1%          5
g - Summon Cactus Giant   Summ           33%        N/A       2%          6
h - Summon Forest         Summ/Tloc      31%        N/A       1%          5
i - Poisonous Vapours     Pois/Air       100%       N/A       1%          2
j - Olgreb's Toxic Radia  Pois           50%        N/A       1%          4
k - Storm Form            Tmut/Air       36%        N/A       4%          7

Your spell library contained the following spells:

 Spells                   Type           Power      Damage    Failure   Level
 Shock                    Conj/Air       100%       1d9       1%          1
 Sting                    Tmut/Pois      100%       1d8       1%          1
 Summon Small Mammal      Summ           100%       N/A       1%          1
 Magic Dart               Conj           64%        1d6       3%          1
 Sandblast                Erth           32%        2d9       3%          1
 Blink                    Tloc           100%       N/A       1%          2
 Call Imp                 Summ           66%        N/A       1%          2
 Passwall                 Tmut/Erth      43%        N/A       1%          2
 Lesser Beckoning         Tloc           60%        N/A       1%          3
 Ice Form                 Ice/Tmut       52%        N/A       1%          4
 Petrify                  Tmut/Erth      52%        N/A       1%          4
 Alistair's Intoxication  Tmut/Pois      42%        N/A       1%          5
 Blade Hands              Tmut           37%        N/A       1%          5
 Summon Ice Beast         Ice/Summ       46%        N/A       2%          4
 Eringya's Noxious Bog    Tmut/Pois      31%        N/A       4%          6
 Searing Ray              Conj           32%        2d5       5%          2
 Dispersal                Tloc           30%        N/A       7%          6
 Anguish                  Hex/Necr       16%        N/A       9%          4
 Fulminant Prism          Conj/Hex       16%        3d11      9%          4
 Conjure Flame            Conj/Fire      16%        6-21      11%         3
 Frozen Ramparts          Ice            32%        1d5       11%         3
 Ozocubu's Armour         Ice            16%        N/A       11%         3
 Stone Arrow              Conj/Erth      32%        3d9       11%         3
 Statue Form              Tmut/Erth      34%        N/A       22%         6
 Metabolic Englaciation   Hex/Ice        16%        N/A       24%         5
 Conjure Ball Lightning   Conj/Air       25%        3x3d7     24%         6
 Maxwell's Capacitive Co  Air            36%        ∞         38%         8
 Borgnjor's Vile Clutch   Necr/Erth      8%         N/A       71%         5
 Fireball                 Conj/Fire      8%         3d6       71%         5
 Iskenderun's Battlesphe  Conj           16%        2d7       71%         5
 Enfeeble                 Hex            24%        N/A       87%         7
 Spellforged Servitor     Conj/Summ      23%        N/A       91%         7
 Disjunction              Tloc           30%        N/A       96%         8
 Iron Shot                Conj/Erth      8%         9d3       99%         6
 Starburst                Conj/Fire      8%         6d4       99%         6
 Orb of Destruction       Conj           8%         9d6       100%        7
 Ignition                 Fire           8%         3d5       100%        8
 Shatter                  Erth           8%         3d10*     100%        9
 Animate Armour           Summ/Erth      Unusable   N/A       N/A         4
 Simulacrum               Ice/Necr       Unusable   N/A       N/A         6

Dungeon Overview and Level Annotations

Branches:
Dungeon (15/15)            Temple (1/1) D:5            Lair (5/5) D:8
 Shoals (4/4) Lair:3        Snake (4/4) Lair:2        Slime (0/5) Lair:4
    Orc (2/2) D:10            Elf (3/3) Orc:2        Vaults (2/5) D:14
 Depths (0/4) D:15
  Crypt: Vaults:2-3

Altars:
Ashenzari
Cheibriados
Dithmenos
Elyvilon
Fedhas
Gozag
Hepliaklqana
Kikubaaqudgha
Makhleb
Nemelex Xobeh
Okawaru
Qazlal
Ru
Sif Muna
Trog
Uskayaw
Vehumet
Wu Jian
Xom
Yredelemnul
Zin
The Shining One
Jiyva

Shops:
D:1 **:   Orc:1 (   Orc:2 [([(!   Snake:2 [:*

Annotations:
Snake:2 2 transporters, exclusion: orange crystal statue
Snake:3 2 transporters, Hehankyrann's ghost, journeyman MeFE


Innate Abilities, Weirdness & Mutations

You are a lightning-filled tempest!
Your electrical attacks strike out in all directions at once.
You are incredibly evasive.
Your insubstantial body is immune to petrification, constriction, and being set on fire You are flying.
You are immune to poison.
((You have sharp claws.))
((You have razor-sharp teeth.))
You have supernaturally acute eyesight. (SInv)
((You cover ground quickly. (Speed+)))
((Your thick and shaggy fur keeps you warm. (AC +3, rC+)))
((Your paws help you pounce on unaware monsters.))
You are incapable of wielding weapons or throwing items.
You cannot wear armour.
You gain extra lives every three experience levels.


Message History

The ironbound preserver completely misses you.
An ettin comes into view. It is wielding two +0 dire flails.
An ironbound frostheart comes into view.
You blast the ironbound preserver!!!
You kill the ironbound preserver!
You hit the deep troll but do no damage.
Lightning courses through the deep troll!
The ironbound preserver mumbles some strange words.
The ironbound preserver begins to accept its allies' injuries.
The deep troll bites you but does no damage.
The deep troll claws you! The deep troll barely misses you.
The ironbound convoker points at the ironbound preserver and mumbles some strange words.
The ironbound preserver seems to grow stronger.
The deep troll is distracted by your dazzling golden aura.
The deep troll shouts!
The ironbound preserver shouts!
The deep troll attacks as you move away!
The deep troll bites you.
The deep troll completely misses you. x2
The ironbound convoker completely misses you.
The deep troll is struck by your cactus giant's spines.
The deep troll dies!
Items here: $ )) [[.
You batter the ironbound convoker!!
The ironbound convoker is moderately wounded.
The ironbound preserver mumbles some strange words.
The ironbound preserver begins to accept its allies' injuries.
The ironbound frostheart calls freezing cold from the walls.
The frost grips you!!
You are encased in ice.
You hit the ironbound preserver but do no damage.
The ironbound preserver is lightly wounded.
You buffet the ironbound preserver!
The ironbound preserver is lightly wounded.
You buffet the ironbound preserver!
The ironbound preserver is moderately wounded.
The ironbound preserver hits you with a +0 mace!!
* * * LOW HITPOINT WARNING * * *
The ironbound frostheart calls freezing cold from the walls.
The frost grips you!!
You die...
Your body crumbles into a pile of gold.

#.......# #.(.....#
#.......# #.......#
#.......# #.......#
#####p### ###ppGp$###
##########vp#####)p##
#.......+.#########$#
#.#...#.#$.TTT.C..pp'p.....
#.......+.#########.#TG####
#.......##..# .##..#
#######.......# ##p.. # .#
.....##.#...#.# ### .#
.....##.......# .
.....####++#+## ..


You could see 2 ironbound preservers, an ironbound frostheart (sheltered), a
glowing orange brain (sheltered) and 2 ironbound convokers.

Vanquished Creatures
  2 vault wardens (Vaults:2)
  Louise (D:15)
  3 ironbound preservers
  2 ironbound thunderhulks (Vaults:1)
  2 very ugly things
  A deep elf annihilator (Elf:1)
  An entropy weaver (Vaults:2)
  7 dire elephants
  3 merfolk javelineers (Shoals:4)
  A ragged hierophant (Elf:1)
  A crystal guardian (Vaults:1)
  A deep elf high priest (Vaults:1)
  2 yaktaur captains
  A merfolk impaler (Shoals:4)
  The ghost of nshep25 the Severer, a journeyman MiFi of Gozag (D:9)
  2 vault guards (D:14)
  2 ironbound frosthearts
  7 centaur warriors
  A boulder beetle (D:15)
  10 dancing weapons
  An anaconda (Snake:2)
  An orc high priest (Orc:2)
  A tengu warrior (D:13)
  A shock serpent (Snake:3)
  Urug (D:10)
  12 deep elf knights
  A salamander mystic (Snake:3)
  5 sea snakes
  13 deep trolls
  A wizard (Vaults:1)
  A kraken simulacrum (Shoals:4)
  3 harpies (Shoals:4)
  3 deep elf archers
  3 orc knights
  2 lindwurms (Vaults:1)
  A phantasmal warrior (D:15)
  3 ironbound convokers
  18 deep elf zephyrmancers
  A necromancer (D:15)
  2 cyclopes (D:14)
  8 deep elf pyromancers
  8 ugly things
  An orc sorcerer (Orc:1)
  4 manticores (Shoals:4)
  2 merfolk sirens (Shoals:4)
  2 vault sentinels (Vaults:2)
  2 water nymphs (Shoals:4)
  A spriggan zombie (D:15)
  A komodo dragon (shapeshifter) (Elf:2)
  An efreet (D:14)
  9 yaktaurs
  5 merfolk
  A tarantella (Vaults:2)
  A wolf spider simulacrum (D:15)
  2 polar bears (D:13)
  A wind drake (Shoals:4)
  2 saltlings (Elf:1)
  A blink frog (Lair:4)
  2 slime creatures (D:14)
  2 snapping turtles
  4 water elementals
  2 air elementals
  2 yaks
  2 fire elementals (Elf:2)
  Eustachio (D:5)
  2 wyverns (D:13)
  A steam dragon (D:8)
  Duvessa (D:7)
  A hell hound (D:15)
  2 orc warriors
  5 wolves (Lair:1)
  2 centaurs (D:13)
  2 nameless horrors
  An electric eel (D:14)
  2 orc priests (Orc:1)
  3 orc wizards
  A gnoll (D:4)
  An adder (D:6)
  7 orcs
  A giant cockroach (D:1)
  A jackal (D:3)
  4 kobolds
  A quokka (D:3)
230 creatures vanquished.

Vanquished Creatures (collateral kills)
  Saint Roka (Snake:4)
  Jorgrun (Shoals:3)
  A kraken (Shoals:2)
  Polyphemus (Shoals:2)
  Agnes (Elf:2)
  Roxanne (Snake:4)
  Ilsuiw (Shoals:2)
  An azure jelly (Lair:4)
  8 nagarajas
  Aizul (Snake:3)
  A vault warden (Vaults:2)
  A deep elf elementalist (Elf:2)
  3 very ugly things
  4 ironbound preservers
  An ironbound thunderhulk (Vaults:1)
  Azrael (D:15)
  4 dire elephants (Vaults:2)
  A merfolk javelineer (Shoals:4)
  A fire dragon (D:15)
  8 merfolk impalers
  A great orb of eyes (Vaults:1)
  A quicksilver dragon zombie (D:15)
  7 hydras
  4 salamander tyrants
  A peacekeeper (Vaults:1)
  2 catoblepae
  A vault guard (D:14)
  2 boulder beetles
  3 merfolk aquamancers
  7 centaur warriors
  9 anacondas
  A merfolk avatar (Shoals:4)
  16 dancing weapons
  5 death yaks
  A death knight (D:12)
  16 naga warriors
  A titan zombie (D:15)
  3 two-headed ogres
  A tengu warrior (D:13)
  8 naga sharpshooters
  2 orc high priests (Orc:2)
  4 shock serpents
  Amaemon (Lair:3)
  8 deep elf knights
  20 deep trolls
  9 salamander mystics
  12 sea snakes
  3 skeletal warriors (D:15)
  2 ironbound convokers (Vaults:1)
  7 naga ritualists
  A wizard (D:14)
  10 deep elf archers
  14 harpies
  23 deep elf pyromancers
  17 deep elf zephyrmancers
  2 lindwurms
  7 ugly things
  12 mana vipers
  6 orc sorcerers
  16 manticores
  6 fauns (Shoals:1)
  An oklob plant (Lair:4)
  9 cyclopes
  20 salamanders
  13 naga magi
  4 elephants
  Maurice (D:11)
  39 black mambas
  7 water nymphs
  10 merfolk sirens
  A guardian serpent (Snake:3)
  An orange demon (Lair:3)
  8 cane toads
  A torpor snail (Lair:4)
  2 unseen horrors (D:13)
  2 rime drakes
  2 freezing wraiths (D:14)
  5 kobold demonologists
  10 komodo dragons
  2 tengu conjurers
  5 yaktaurs
  7 polar bears
  A queen bee (D:13)
  The ghost of ratmagoo the Stinger, a novice DEVM (D:6)
  13 merfolk
  3 meliai (D:13)
  6 trolls
  A meliai (shapeshifter) (D:15)
  A wind drake (Shoals:2)
  15 slime creatures
  A tarantella (Vaults:2)
  3 hornets
  23 blink frogs
  A raiju (shapeshifter) (D:15)
  10 snapping turtles
  4 dream sheep
  An air elemental (Elf:2)
  A shadow (D:10)
  9 spriggans (Lair:5)
  A vampire (D:13)
  4 wraiths
  6 water elementals
  9 wyverns
  6 basilisks
  37 yaks
  A hog (D:13)
  A human (shapeshifter) (D:14)
  A fire elemental (D:15)
  A redback (Vaults:2)
  2 vampire mosquitoes (D:8)
  10 wargs
  4 acid dragons
  43 nagas
  16 water moccasins
  4 hell hounds (D:15)
  6 black bears
  26 orc warriors
  An ice beast (D:8)
  A sky beast (D:6)
  23 wolves
  3 boggarts (Lair:5)
  5 ogres (Orc:1)
  2 lemures
  2 phantoms
  8 centaurs
  2 kobold brigands
  16 bullfrogs
  2 gnoll sergeants
  A necrophage (D:6)
  A scorpion (D:6)
  4 wights
  Dowan (D:7)
  24 killer bees
  A howler monkey (D:4)
  A hound (D:6)
  12 orc priests
  2 jellies (D:4)
  Crazy Yiuf (D:4)
  Ijyb (D:4)
  5 iguanas
  23 orc wizards
  11 nameless horrors
  5 gnolls
  4 adders
  A white imp (D:8)
  An ufetubus (D:6)
  3 worms
  2 dart slugs (D:1)
  70 orcs
  7 endoplasms
  4 giant cockroaches
  6 goblins
  7 hobgoblins
  6 jackals
  35 kobolds
  3 quokkas
  5 ball pythons
  3 bats
  6 frilled lizards
  4 rats
  5 tentacles
1066 creatures vanquished.

Vanquished Creatures (others)
  2 nagarajas (Snake:4)
  2 orc warlords
  An ironbound preserver (Vaults:1)
  A catoblepas (Lair:5)
  2 hydras (Lair:4)
  A merfolk aquamancer (Shoals:3)
  A death yak (Lair:1)
  4 orc knights
  A lindwurm (Lair:3)
  A harpy (Shoals:3)
  Pikel (D:7)
  A deep elf zephyrmancer (Elf:1)
  3 elephants (Lair:4)
  An ugly thing (Vaults:1)
  2 fauns (Shoals:1)
  A fire giant zombie (D:15)
  A merfolk siren (Shoals:2)
  A water nymph (Shoals:4)
  5 black mambas
  3 cane toads
  A gargoyle (D:9)
  A rime drake (Lair:3)
  2 komodo dragons (Lair:5)
  A freezing wraith (D:14)
  A troll (D:10)
  2 merfolk
  2 hornets (Lair:5)
  A blink frog (Lair:4)
  3 spriggans (Lair:5)
  3 water elementals
  2 wyverns
  14 yaks
  2 fire elementals
  A warg (Orc:2)
  Menkaure (D:7)
  2 nagas (Snake:4)
  4 water moccasins
  7 orc warriors
  4 ice beasts
  A black bear (D:5)
  3 ogres
  2 boggarts (Lair:5)
  7 wolves
  2 lemures (D:7)
  2 kobold brigands
  A bullfrog (Lair:1)
  A necrophage (D:5)
  7 wights
  9 killer bees
  A jelly (D:8)
  A gnoll bouda (D:5)
  3 orc priests
  2 orc wizards (Orc:2)
  An adder (D:5)
  5 orcs
  A kobold (D:7)
  A butterfly (Lair:2)
  55 fungi
  139 plants
  11 snaplasher vines
  18 tentacles
  6 withered plants (D:15)
368 creatures vanquished.

Grand Total: 1664 creatures vanquished

Notes
Turn   | Place    | Note
-------+----------+-------------------------------------------
     0 | D:1      | croobank the Felid Summoner began the quest for the Orb.
     0 | D:1      | Reached XP level 1. HP: 7/7 MP: 4/4
   320 | D:1      | Reached skill level 3 in Dodging
   320 | D:1      | Reached XP level 2. HP: 11/11 MP: 3/6
   323 | D:1      | Learned a level 2 spell: Call Imp
   502 | D:1      | Found Vutwor's General Store.
  1189 | D:1      | Reached XP level 3. HP: 14/14 MP: 3/7
  1193 | D:1      | Learned a level 3 spell: Call Canine Familiar
  1387 | D:1      | Found a faded altar of an unknown god.
  1758 | D:2      | Found the +7 staff of the Meek {protect, meekguard}
  2637 | D:3      | Reached XP level 4. HP: 18/18 MP: 2/8
  4141 | D:4      | Reached skill level 4 in Dodging
  4141 | D:4      | Reached skill level 1 in Hexes
  4215 | D:4      | Reached skill level 1 in Fighting
  4215 | D:4      | Reached XP level 5. HP: 22/22 MP: 6/10
  4223 | D:4      | Learned a level 3 spell: Summon Guardian Golem
  4571 | D:4      | Noticed an ogre
  4623 | D:4      | Noticed Ijyb
  4675 | D:4      | Killed an ogre
  4676 | D:4      | Gained mutation: You are covered in thick fur. (AC +2)
                  | [Felid growth]
  4676 | D:4      | Reached XP level 6. HP: 26/26 MP: 0/11
  4714 | D:4      | Killed Ijyb
  4715 | D:4      | Reached skill level 5 in Summonings
  5033 | D:4      | Identified the +1 pair of gloves "Duciaf" {rCorr}
  5283 | D:4      | Found a runed translucent door.
  5284 | D:4      | Noticed Crazy Yiuf
  5367 | D:5      | Entered Level 5 of the Dungeon
  5537 | D:5      | Reached skill level 5 in Dodging
  5760 | D:5      | Reached XP level 7. HP: 30/30 MP: 10/13
  5915 | D:5      | Noticed Eustachio
  5987 | D:5      | Killed Eustachio
  6444 | D:5      | Reached skill level 6 in Dodging
  6444 | D:5      | Reached skill level 1 in Air Magic
  6685 | D:5      | Found a staircase to the Ecumenical Temple.
  6712 | Temple   | Entered the Ecumenical Temple
  6778 | Temple   | Became a worshipper of Gozag Ym Sagoz the Greedy
  6894 | D:6      | Reached XP level 8. HP: 32/34 MP: 11/15
  7061 | D:6      | Found a runed translucent door.
  7061 | D:6      | Noticed ratmagoo's ghost (novice DEVM)
  7092 | D:6      | Reached skill level 5 in Hexes
  8310 | D:6      | Reached skill level 7 in Dodging
  8310 | D:6      | Reached skill level 5 in Spellcasting
  8893 | D:7      | Noticed Pikel
  9386 | D:6      | Reached XP level 9. HP: 39/39 MP: 6/17
 10273 | D:7      | Killed Pikel
 10274 | D:7      | Reached skill level 5 in Fighting
 10386 | D:7      | Reached skill level 8 in Dodging
 10603 | D:7      | Noticed Menkaure
 10621 | D:7      | Killed Menkaure
 11242 | D:7      | Noticed Duvessa
 11261 | D:7      | Killed Duvessa
 11270 | D:7      | Noticed Dowan
 11285 | D:7      | Killed Dowan
 11384 | D:7      | Found an iron altar of Okawaru.
 11384 | D:7      | Found a burning altar of Makhleb.
 11385 | D:7      | Found a glowing silver altar of Zin.
 12596 | D:7      | Learned a level 4 spell: Summon Lightning Spire
 12626 | D:8      | Reached XP level 10. HP: 45/45 MP: 10/20
 13085 | D:8      | Reached skill level 9 in Dodging
 13713 | D:8      | Found a staircase to the Lair.
 13872 | D:8      | Reached skill level 5 in Air Magic
 13879 | D:8      | Noticed a centaur warrior
 13916 | D:8      | HP: 2/46 [centaur warrior/arrow (20)]
 13916 | D:8      | Shot with an arrow by a centaur warrior
 13917 | D:8      | Reached XP level 9. HP: -4/42 MP: 1/19
 14004 | D:8      | Learned a level 2 spell: Poisonous Vapours
 14010 | D:8      | Killed a centaur warrior
 14492 | D:8      | Identified the +9 halberd "Grim Tooth" {elec, Int+3 Stlth+}
 14851 | D:9      | Noticed a kobold demonologist
 14864 | D:9      | Killed a kobold demonologist
 14865 | D:9      | Reached XP level 10. HP: 46/46 MP: 15/21
 14926 | D:9      | Noticed a gargoyle
 14937 | D:9      | Killed a gargoyle
 14938 | D:9      | Reached skill level 10 in Dodging
 15264 | D:9      | Found a transporter.
 15271 | D:9      | Noticed nshep25's ghost (journeyman MiFi)
 15273 | D:9      | Found a transporter.
 15674 | D:9      | Noticed a two-headed ogre
 15686 | D:9      | Killed a two-headed ogre
 16513 | D:10     | Entered Level 10 of the Dungeon
 16513 | D:10     | Found a staircase to the Orcish Mines.
 17649 | D:10     | Identified a scroll of acquirement
 17649 | D:10     | Acquired the amulet "Piuplanuodia" {Spirit Drain rElec
                  | rPois}
 17760 | D:10     | Noticed Urug
 17797 | D:10     | Killed Urug
 18091 | D:10     | Noticed a cyclops
 18100 | D:10     | Killed a cyclops
 18122 | D:10     | Reached XP level 11. HP: 51/51 MP: 19/23
 18586 | Lair:1   | Entered Level 1 of the Lair of Beasts
 18763 | Lair:1   | Reached skill level 11 in Dodging
 19239 | Lair:1   | Noticed a six-headed hydra
 19259 | Lair:1   | Killed a six-headed hydra
 19582 | Lair:1   | You fall into a shaft and drop 1 floor!
 19595 | Lair:2   | Reached skill level 12 in Dodging
 19595 | Lair:2   | Reached skill level 10 in Summonings
 19981 | Lair:1   | Noticed a death yak
 19981 | Lair:1   | Noticed a death yak
 19982 | Lair:1   | Noticed a death yak
 20007 | Lair:1   | Killed a death yak
 20008 | Lair:1   | Gained mutation: Your thick and shaggy fur keeps you warm.
                  | (AC +3, rC+) [Felid growth]
 20008 | Lair:1   | Reached XP level 12. HP: 57/57 MP: 18/25
 20024 | Lair:1   | Killed a death yak
 20029 | Lair:1   | Killed a death yak
 21038 | Lair:2   | Reached skill level 13 in Dodging
 21055 | Lair:2   | Noticed a five-headed hydra
 21075 | Lair:2   | Killed a five-headed hydra
 21302 | Lair:2   | Reached skill level 10 in Fighting
 21439 | Lair:2   | Found a staircase to the Snake Pit.
 21847 | Lair:3   | Noticed Amaemon
 21860 | Lair:3   | Killed Amaemon
 21864 | Lair:3   | Reached skill level 10 in Spellcasting
 22275 | Lair:3   | Reached skill level 14 in Dodging
 22334 | Lair:3   | Noticed a six-headed hydra
 22345 | Lair:3   | Killed a six-headed hydra
 22643 | Lair:3   | Found a staircase to the Shoals.
 23056 | Lair:3   | Reached XP level 13. HP: 40/63 MP: 13/28
 23745 | Lair:4   | Reached skill level 15 in Dodging
 23809 | Lair:4   | Found a runed translucent door.
 24696 | Lair:4   | Reached skill level 16 in Dodging
 25086 | Lair:4   | Found a runed translucent door.
 25109 | Lair:4   | Found a viscous altar of Jiyva.
 25113 | Lair:4   | Found a staircase to the Slime Pits.
 25114 | Lair:4   | Noticed an azure jelly
 25135 | Lair:4   | Killed an azure jelly
 25681 | Lair:5   | Entered Level 5 of the Lair of Beasts
 26359 | Lair:5   | Reached skill level 17 in Dodging
 27394 | Lair:5   | Reached XP level 14. HP: 70/70 MP: 19/29
 29427 | Lair:5   | Reached skill level 18 in Dodging
 29709 | Orc:1    | Entered Level 1 of the Orcish Mines
 29803 | Orc:1    | Found Pyujizi's Antique Weapon Boutique.
 29868 | Orc:1    | Noticed an orc warlord
 30770 | Orc:1    | Killed an orc warlord
 31446 | Orc:2    | Entered Level 2 of the Orcish Mines
 31971 | Orc:2    | Found a staircase to the Elven Halls.
 32555 | Orc:2    | Reached skill level 1 in Poison Magic
 32894 | Orc:2    | Noticed an orc warlord
 32924 | Orc:2    | Killed an orc warlord
 33487 | Orc:2    | Found Foogef's Antique Armour Emporium.
 34584 | Orc:2    | Reached skill level 19 in Dodging
 34992 | Orc:2    | Found Nisudgha's Antique Armour Boutique.
 34992 | Orc:2    | Found Xiocyl Putu's Weapon Boutique.
 34994 | Orc:2    | Found Gasyx's Distillery.
 34994 | Orc:2    | Found Leaxt's Weapon Shoppe.
 35013 | Orc:2    | Bought a potion of magic for 112 gold pieces
 35013 | Orc:2    | Bought a potion of heal wounds for 70 gold pieces
 35289 | D:1      | Bought an Inescapable Atlas for 442 gold pieces
 35289 | D:1      | Bought a book of the Wilderness for 494 gold pieces
 35295 | D:1      | Learned a level 5 spell: Summon Mana Viper
 35302 | D:1      | Learned a level 6 spell: Summon Cactus Giant
 35554 | Snake:1  | Entered Level 1 of the Snake Pit
 36506 | Snake:1  | Identified the amulet "Gezxuj" {Regen+ Int+3}
 36548 | Snake:1  | Reached XP level 15. HP: 56/76 MP: 4/30
 36710 | Snake:1  | Reached skill level 15 in Fighting
 37872 | Snake:2  | Found Ruesoops's Book Shop.
 37878 | Snake:2  | Found Kousmergh's General Store.
 37971 | Snake:2  | Bought a scroll of immolation for 60 gold pieces
 37971 | Snake:2  | Bought 3 scrolls of teleportation for 135 gold pieces
 37971 | Snake:2  | Bought a wand of acid (5) for 315 gold pieces
 38017 | Snake:2  | Reached skill level 5 in Poison Magic
 38245 | Snake:2  | Identified the +4 ring mail of Shadows and Fog {Dex+4}
 38260 | Snake:2  | Found a transporter.
 38343 | Snake:2  | Found a transporter.
 38961 | Snake:2  | Found Pacaxt's Antique Armour Shoppe.
 38976 | Snake:2  | Noticed a nagaraja
 38994 | Snake:2  | Killed a nagaraja
 40487 | Snake:3  | Noticed Hehankyrann's ghost (journeyman MeFE)
 40504 | Snake:3  | Found a transporter.
 41724 | Snake:3  | Slain by a salamander mystic
 41725 | Snake:3  | Reached XP level 14. HP: 0/73 MP: 0/30
 42059 | Snake:3  | Reached XP level 15. HP: 77/77 MP: 15/31
 42346 | Snake:3  | Noticed Aizul
 42371 | Snake:3  | Killed Aizul
 42720 | Snake:3  | Learned a level 5 spell: Summon Forest
 42987 | Snake:3  | Found a transporter.
 43002 | Snake:3  | Found a bloodstained altar of Trog.
 43119 | Snake:4  | Entered Level 4 of the Snake Pit
 43346 | Snake:4  | Reached skill level 1 in Transmutations
 43564 | Snake:4  | Identified the ring "Gisuvirgh" {rPois rN+ MP+9 Str+4
                  | Dex-2}
 43608 | Snake:4  | Noticed a nagaraja
 43617 | Snake:4  | Killed a nagaraja
 43844 | Snake:4  | Identified Roxanne's Commentary on Earth
 43844 | Snake:4  | Noticed Roxanne
 43887 | Snake:4  | Killed Roxanne
 44196 | Snake:4  | Noticed a nagaraja
 44208 | Snake:4  | Killed a nagaraja
 44467 | Snake:4  | Noticed Saint Roka
 44491 | Snake:4  | Killed from afar by a salamander tyrant
 44492 | Snake:4  | Reached XP level 14. HP: -25/73 MP: 0/31
 44531 | Snake:4  | Killed Saint Roka
 45090 | Snake:4  | Noticed a nagaraja
 45100 | Snake:4  | Killed a nagaraja
 45320 | Snake:4  | Noticed a nagaraja
 45331 | Snake:4  | Killed a nagaraja
 45718 | Snake:4  | Noticed a nagaraja
 45735 | Snake:4  | Killed a nagaraja
 45973 | Snake:4  | Reached skill level 5 in Transmutations
 46368 | Snake:4  | Reached XP level 15. HP: 55/77 MP: 11/32
 46578 | Snake:4  | Noticed a nagaraja
 46832 | Snake:4  | Killed a nagaraja
 46968 | Snake:4  | Noticed a nagaraja
 46968 | Snake:4  | Noticed a nagaraja
 46977 | Snake:4  | Noticed a nagaraja
 46981 | Snake:4  | Killed a nagaraja
 46987 | Snake:4  | Killed a nagaraja
 46992 | Snake:4  | Killed a nagaraja
 47359 | Snake:4  | Got a serpentine rune of Zot
 48149 | D:11     | Identified the +1 ring mail of the Barracuda {Str+6 Dex+2}
 49051 | D:11     | Noticed Maurice
 49072 | D:11     | Killed Maurice
 49237 | D:11     | Learned a level 4 spell: Olgreb's Toxic Radiance
 51135 | D:12     | Identified the +8 chain mail "Sugikh" {Dex+3}
 51948 | D:13     | Found the +6 lightning scales {swift, rElec}
 52746 | D:13     | Found a huge runed translucent gate.
 52746 | D:13     | Found a huge runed translucent gate.
 52746 | D:13     | Found a huge runed translucent gate.
 52747 | D:13     | Found a huge runed translucent gate.
 55393 | Elf:1    | Entered Level 1 of the Elven Halls
 55723 | Shoals:1 | Entered Level 1 of the Shoals
 55776 | Shoals:1 | Reached skill level 10 in Air Magic
 56047 | Shoals:1 | Reached XP level 16. HP: 81/81 MP: 15/34
 57556 | Shoals:2 | Noticed Ilsuiw
 57913 | Shoals:2 | Noticed a kraken
 57928 | Shoals:2 | Killed a kraken
 58646 | Shoals:2 | Noticed Polyphemus
 58677 | Shoals:2 | Killed Polyphemus
 59065 | Shoals:2 | Reached skill level 10 in Transmutations
 59131 | Shoals:2 | Killed Ilsuiw
 59938 | Shoals:2 | Learned a level 7 spell: Storm Form
 60226 | Shoals:3 | Noticed Jorgrun
 60237 | Shoals:3 | Killed Jorgrun
 61455 | Shoals:4 | Entered Level 4 of the Shoals
 62154 | Shoals:4 | Noticed a kraken
 63070 | Shoals:4 | Reached XP level 17. HP: 75/85 MP: 12/36
 63539 | Shoals:4 | Identified the +4 dire flail of Zin, Hurling {vorpal, rPois
                  | Str+5 Dex-4}
 63792 | Shoals:4 | Got a barnacled rune of Zot
 65399 | Elf:1    | Got the Book of the Lizard
 65786 | Elf:1    | HP: 3/85 [deep elf archer/arrow (12)]
 65788 | Elf:1    | Slain by a +3 glaive of venom
 65789 | Elf:1    | Reached XP level 16. HP: -4/81 MP: 0/35
 66076 | D:14     | Found a gate to the Vaults.
 66717 | D:4      | Killed Crazy Yiuf
 66834 | D:6      | Killed ratmagoo's ghost
 66964 | D:9      | Killed nshep25's ghost
 67327 | D:14     | Reached skill level 1 in Unarmed Combat
 67791 | D:15     | Entered Level 15 of the Dungeon
 67819 | D:15     | Found a shimmering altar of Xom.
 67819 | D:15     | Noticed Azrael
 67847 | D:15     | Killed Azrael
 68564 | D:15     | Noticed Louise
 68574 | D:15     | Killed Louise
 68699 | D:15     | Found a broken altar of Ashenzari.
 68704 | D:15     | Identified the +1 scale mail "Dem Xoag" {Dex+3}
 69591 | D:15     | Found a staircase to the Depths.
 70095 | Elf:1    | Reached XP level 17. HP: 80/85 MP: 26/36
 70219 | Elf:1    | Paralysed by an air elemental for 1 turns
 70436 | Elf:1    | Identified the +8 short sword of Ignis's Indignation
                  | {vorpal, Str+5}
 71800 | Orc:2    | Learned a level 5 spell: Manifold Assault
 71885 | Elf:2    | Reached skill level 5 in Unarmed Combat
 71885 | Elf:2    | Reached skill level 1 in Translocations
 73269 | Elf:2    | Found a runed translucent gate.
 73270 | Elf:2    | Found a runed translucent gate.
 73270 | Elf:2    | Found a runed translucent gate.
 74201 | Elf:2    | Reached skill level 5 in Translocations
 74407 | Elf:2    | Reached skill level 15 in Transmutations
 74714 | Elf:2    | Noticed Agnes
 74750 | Elf:2    | Killed Agnes
 75367 | Elf:3    | Entered Level 3 of the Elven Halls
 75879 | Vaults:1 | Entered Level 1 of the Vaults
 75926 | Vaults:1 | Reached XP level 18. HP: 63/89 MP: 8/37
 77071 | Vaults:1 | Identified the amulet of Powny {rPois rF+ Regen+}
 77452 | Vaults:1 | Demolished by a white very ugly thing
 77453 | Vaults:1 | Reached XP level 17. HP: -14/76 MP: 14/45
 77954 | Vaults:1 | Reached skill level 15 in Air Magic
 79383 | Vaults:2 | Reached skill level 10 in Translocations
 79780 | Vaults:2 | Reached XP level 18. HP: 77/89 MP: 28/37
 79838 | Vaults:2 | Killed from afar by an ironbound frostheart

Illustrated notes

Levels and vault maps discovered:
D:1:      dpeg_arrival_refuge, layout_basic, shapermc_ecumenical_altar_ellora,
          serial_shops, shop
D:2:      kennysheep_big_flooded_room, layout_rooms, minmay_tall_x
D:3:      layout_loops_corners
D:4:      layout_loops_ring, uniq_crazy_yiuf_cottage, uniq_ijyb
D:5:      layout_loops_ring, lemuel_temple_firewalk_b,
          kennysheep_generic_room_9, uniq_eustachio
D:6:      layout_gridville, hellmonk_ghost_happy_afterlife, serial_bayou,
          serial_bayou_pond_d, serial_bayou_shore_b, serial_bayou_pond_d,
          serial_bayou_pond_e, nicolae_figureground_pulse
D:7:      layout_cave_pools, gammafunk_temple_overflow_claw, minmay_door_square,
          dreamdust_princess_bridge, kennysheep_generic_room_14, uniq_menkaure,
          uniq_pikel, uniq_duvessa
D:8:      minmay_slanted_spiral_squares, layout_cave_pods, david_lair_shrubbed,
          serial_column_ruins, column_ruins_corridor_straight,
          column_ruins_open_small, column_ruins_grid_3,
          column_ruins_open_medium, column_ruins_open_small,
          column_ruins_open_small
D:9:      layout_grid_maze, gammafunk_ghost_arena
D:10:     layout_stronghold, orc_0_dummy, uniq_urug
D:11:     layout_roguey, kennysheep_flooded_box, uniq_maurice
D:12:     layout_loops_ring, minmay_checkerbox
D:13:     lemuel_bear_cage, layout_layer_cave, special_room [special_room_bee]
D:14:     layout_basic, lightli_vaults_fourway_checkpoint,
          minmay_misc_feat_columns, portal_ice_cave_entry_frozen_things
D:15:     gammafunk_depths_entry_grave, layout_rooms,
          ashenzari_conservatory_becter, xom_confusion_cloud, uniq_azrael,
          uniq_louise
Temple:   nicolae_temple_bog_church
Lair:1:   layout_loops_ring, chequers_serial_rivers_micro_b, hibernation_bobbens
Lair:2:   layout_chaotic_city, minmay_snake_entry_six_corridors,
          small_statue_intersection, lemuel_fruit_tree, lemuel_fruit_fields
Lair:3:   layout_chaotic_city, minmay_shoals_entry_lonely_mermaid,
          infiniplex_staircase_pool_2, grunt_megastairs_1, uniq_amaemon
Lair:4:   layout_regular_city, slime_entry_2, pf_torpor_hydra
Lair:5:   minmay_lair_end_enchanted_forest, layout_layer_cave,
          gauntlet_entry_generic, serial_bayou_shore_b
Shoals:1: layout_shoals, nzn_prometheus_bound
Shoals:2: layout_shoals, uniq_ilsuiw, uniq_polyphemus
Shoals:3: layout_shoals, uniq_jorgrun
Shoals:4: shoals_end_grunt_ice, layout_shoals, nicolae_shoals_lost_giant_baths
Snake:1:  layout_misc_corridors, grunt_megastairs_2
Snake:2:  gammafunk_sealed_arena, layout_rooms, serial_shops,
          nicolae_shop_behind_doors, minmay_shop_star
Snake:3:  layout_misc_corridors, gammafunk_ghost_wrathful_warriors, uniq_aizul
Snake:4:  minmay_snake_end_coiled, layout_cave_town, drop_trap, uniq_saint_roka,
          uniq_roxanne
Orc:1:    layout_caves, serial_shops, nicolae_diamond_shop,
          nicolae_orc_sculptors_studio
Orc:2:    st_orc_elflike, layout_caves, serial_shops, shop_coins, basic_altar
Elf:1:    elf_arrival_002, layout_loops_corners, portal_desolation_entry_salt,
          minmay_elf_annihilation, st_stairs_7
Elf:2:    nicolae_elf_blades_crystal_corner, layout_geoelf_diagonals,
          grunt_ministairs_8, uniq_agnes
Elf:3:    minmay_elf_hall_hex, layout_geoelf_grid, wad_floor_pattern_1,
          uniq_nikola
Vaults:1: nicolae_vaults_little_squares_3, vaults_dpeg_cross, v_misc_12,
          v_alt_pattern_1, v_misc_28, nicolae_vaults_little_squares_4,
          ontoclasm_vaults_eye, vaults_dpeg_hooks, layout_vaults_omnigrid
Vaults:2: vaults_room_corners, hangedman_vaults_corner,
          nicolae_vaults_quartermaster, v_misc_33,
          nicolae_vaults_border_crossing, nicolae_vaults_theta,
          nicolae_vaults_three_branches, ontoclasm_vaults_twist,
          vaults_room_pools, nicolae_vaults_disjoint_gnomons,
          nicolae_vaults_specimen_jars, vaults_mumra_chevron_long,
          vaults_room_stairs_pillars, layout_vaults_maze_bifur

Skill      XL: |  1  2  3  4  5  6  7  8  9 10 11 12 13 14 15 16 17 18 |
---------------+-------------------------------------------------------+-----
Stealth        | 3 4 |  4.0
Dodging        | 3 4 5 6 7 8 10 12 14 17 19 | 19.0
Hexes          | 1 2 3 4 5 6 7 |  7.0
Fighting       | 1 2 3 4 5 7 9 11 13 14 15 | 15.0
Spellcasting   | 3 4 5 7 8 10 13 14 | 14.0
Summonings     | 5 6 7 9 10 13 11 | 13.0
Air Magic      | 1 3 4 6 7 8 10 12 15 | 15.5
Poison Magic   | 4 7 |  7.6
Transmutations | 5 8 14 16 | 16.0
Unarmed Combat | 3 9 7 |  9.2
Translocations | 10 7 | 10.8

Action                   |  1- 3 |  4- 6 |  7- 9 | 10-12 | 13-15 | 16-18 || total
-------------------------+-------+-------+-------+-------+-------+-------++-------
Melee: Unarmed           |    14 |    26 |    46 |    46 |   312 |   819 ||  1263
       Bite              |     2 |     4 |     7 |     6 |    85 |    16 ||   120
       Punch             |       |       |       |     1 |     5 |    29 ||    35
 Cast: Summon Small Mamm |    58 |    26 |    71 |     6 |    27 |       ||   188
       Call Imp          |    20 |     4 |    18 |     2 |    10 |     1 ||    55
       Call Canine Famil |    10 |    28 |    45 |    50 |   128 |    17 ||   278
       Summon Guardian G |       |     6 |    40 |    46 |    97 |    42 ||   231
       Summon Lightning  |       |       |    11 |    99 |   237 |    67 ||   414
       Poisonous Vapours |       |       |     7 |     3 |    62 |       ||    72
       Summon Mana Viper |       |       |       |       |   191 |   193 ||   384
       Summon Cactus Gia |       |       |       |       |   146 |   169 ||   315
       Summon Forest     |       |       |       |       |    12 |    12 ||    24
       Olgreb's Toxic Ra |       |       |       |       |     1 |     1 ||     2
       Storm Form        |       |       |       |       |       |    94 ||    94
       Manifold Assault  |       |       |       |       |       |     6 ||     6
Invok: Call Merchant     |       |       |       |       |     2 |       ||     2
       Potion Petition   |       |       |       |       |     2 |    10 ||    12
Evoke: Wand              |       |       |     6 |     3 |    23 |    16 ||    48
  Use: Scroll            |     8 |     1 |     8 |    17 |    15 |     7 ||    56
       Potion            |       |     1 |       |     3 |    17 |     8 ||    29
 Stab: Sleeping          |     2 |       |     1 |       |     1 |     1 ||     5
       Distracted        |       |     1 |     1 |     1 |     9 |    16 ||    28
Armor: Skin              |     3 |       |    26 |     8 |    44 |   185 ||   266
Dodge: Dodged            |    38 |    37 |   211 |   199 |   995 |  1766 ||  3246
